Map: Odyssey LE

Players

Snute - Winner!

  • Race: Zerg Zerg
  • Spawn Location: 5:00

Scarlett

  • Race: Zerg Zerg
  • Spawn Location: 11:00

Event: WCS Valencia 2017

VOD

Have the link to the VOD?

Description

Time

  • Played on: July 14, 2017, 12:11 p.m.
  • Length: 7:20

All games in this series

Show
View Real Time Build Order
Export as new Build Order

Snute Zerg - Winner!

Build Orders: Pool First 

Get SALT Encoding   

  12  0:00  Drone  
  13  0:12  Overlord  
  13  0:17  Drone  
  14  0:30  Drone x2  
  14  0:34  Drone  
  17  0:37  Extractor  
  16  0:44  Drone  
  17  0:50  Spawning Pool  
  17  0:56  Drone  
  17  1:16  Hatchery  
  16  1:19  Drone  
  17  1:36  Queen  
  17  1:38  Metabolic Boost  
  19  1:42  Drone  
  19  1:45  Zergling x2  
  21  1:51  Overlord  
  21  1:55  Zergling x2  
  22  2:08  Baneling Nest  
  22  2:09  Drone  
  22  2:15  Queen  
  24  2:19  Zergling x2  
  25  2:27  Zergling x2  
  26  2:34  Drone  
  27  2:38  Drone  
  27  2:39  Drone  
  29  2:47  Drone x3  
  29  2:49  Drone  
  33  3:00  Drone x2  
  33  3:02  Overlord  
  35  3:17  Hatchery  
  35  3:19  Drone x2  
  36  3:23  Baneling  
  36  3:24  Baneling  
  36  3:26  Drone x3  
  39  3:28  Drone  
  39  3:31  Overlord  
  40  3:38  Zergling x6  
  42  3:41  Baneling  
  42  3:42  Baneling  
  42  3:43  Zergling x2  
  42  3:49  Drone x3  
  42  3:53  Queen  
  47  3:59  Baneling x2  
  46  4:05  Zergling x4  
  46  4:08  Zergling x6  
  49  4:15  Drone x4  
  51  4:21  Roach Warren, Extractor  
  51  4:22  Drone  
  49  4:31  Zergling x4  
  49  4:32  Zergling x2  
  49  4:37  Zergling x4  
  53  4:41  Zergling x4  
  53  4:42  Zergling x4  
  53  4:51  Overlord x3  
  53  4:56  Overlord  
  52  5:02  Roach x3  
  52  5:04  Overlord  
  58  5:08  Overlord  
  58  5:10  Roach x3  
  66  5:14  Roach x2  
  66  5:18  Roach  
  66  5:21  Roach  
  71  5:24  Roach  
  71  5:25  Roach  
  75  5:30  Roach x2  
  75  5:33  Roach  
  81  5:37  Roach  
  81  5:38  Roach  
  85  5:44  Roach  
  85  5:46  Zergling x8  
  91  5:55  Zergling x2  
  91  5:56  Zergling x8  
  94  6:07  Zergling x2  
  94  6:08  Zergling x8  
  94  6:09  Ravager x2  
  101  6:12  Zergling x2  
  101  6:13  Zergling x4  
  104  6:28  Ravager, Overlord  
  104  6:30  Zergling x2  
  106  6:34  Extractor, Evolution Chamber  
  106  6:37  Overlord  
  106  6:39  Ravager  
  105  6:40  Drone  
  94  6:56  Roach  
  94  6:57  Roach x3  
  94  6:58  Zergling x22  
  95  7:01  Zergling x2  
  95  7:02  Zergling x6  
Show
View Real Time Build Order
Export as new Build Order

Scarlett Zerg 

Build Orders: Hatch First 

Get SALT Encoding   

  12  0:00  Drone  
  13  0:12  Overlord  
  13  0:17  Drone  
  14  0:30  Drone x2  
  14  0:35  Drone  
  17  0:51  Hatchery  
  17  0:54  Drone  
  17  0:57  Drone  
  17  1:02  Extractor  
  17  1:12  Spawning Pool  
  17  1:15  Drone  
  17  1:18  Drone  
  18  1:28  Drone  
  19  1:38  Overlord  
  19  1:50  Drone  
  20  1:59  Queen  
  20  2:00  Drone  
  23  2:03  Queen, Metabolic Boost  
  23  2:06  Zergling x2  
  26  2:11  Zergling x2  
  26  2:14  Zergling x2  
  28  2:34  Queen  
  30  2:37  Overlord  
  30  2:38  Queen  
  30  2:41  Drone  
  30  2:42  Drone x2  
  35  2:50  Spine Crawler  
  34  3:04  Zergling x8  
  38  3:16  Zergling x2  
  38  3:17  Zergling x10  
  45  3:22  Overlord  
  45  3:24  Overlord  
  45  3:40  Hatchery  
  39  3:50  Zergling x10  
  39  3:51  Roach Warren  
  43  3:55  Drone  
  43  3:56  Drone  
  41  4:14  Drone x6  
  43  4:38  Drone  
  43  4:39  Drone x4  
  47  4:50  Roach  
  47  4:51  Roach  
  54  4:52  Roach  
  54  4:53  Roach  
  54  4:55  Roach  
  54  4:56  Overlord x2  
  55  5:01  Extractor  
  55  5:02  Extractor  
  55  5:06  Roach  
  57  5:07  Zergling x2, Roach  
  58  5:16  Zergling x8  
  58  5:20  Roach x2  
  66  5:29  Zergling x10  
  71  5:37  Overlord  
  71  5:38  Drone x3  
  71  5:52  Ravager  
  71  5:54  Drone x3  
  71  5:55  Overlord  
  73  5:58  Evolution Chamber  
  73  6:03  Overlord  
  68  6:09  Roach x5  
  68  6:10  Roach x4  
  80  6:21  Roach x4  
  80  6:23  Overlord  
  87  6:30  Roach x3  
  93  6:33  Overlord  
  93  6:37  Roach  
  95  6:41  Overlord  
  95  6:42  Roach  
  95  6:44  Ravager  
  86  6:56  Roach x4  
  86  6:57  Roach  
Tags
 
Add a new tag
Caveats
  • Supply blocks, unpowered buildings, or Contaminate may cause inaccurate times.
  • Supply counts are checked every 10 seconds.